 Dungeon Crawl Stone Soup version 0.30-a0-1114-gd936c97349 (webtiles) character file.

Game seed: 2883251558924080459

9 Lusmu the Firebug (level 2, 0/19 HPs)
             Began as a Demonspawn Fire Elementalist on Apr 21, 2023.
             Slain by an endoplasm (3 damage)
             ... on level 1 of the Dungeon.
             The game lasted 00:02:00 (446 turns).

Lusmu the Firebug (Demonspawn Fire Elementalist)     Turns: 446, Time: 00:02:00

Health: 0/19       AC:  2    Str:  8    XL:     2   Next: 3%
Magic:  3/5        EV: 12    Int: 16    God:
Gold:   23         SH:  0    Dex: 13    Spells: 4/5 levels left

rFire   . . .      SeeInvis .    e - +0 dagger
rCold   . . .      Faith    .    (no shield)
rNeg    . . .      Spirit   .    a - +0 robe
rPois   .          Reflect  .    (no helmet)
rElec   .          Rampage  .    (no cloak)
rCorr   .                        (no gloves)
Will    .....                    (no boots)
Stlth   ++                       (no amulet)
HPRegen 0.23/turn                (no ring)
MPRegen 0.09/turn                (no ring)

@: no status effects
A: hooves 1
a: no special abilities


You were on level 1 of the Dungeon.
You visited 1 branch of the dungeon, and saw 1 of its levels.

You collected 23 gold pieces.

Inventory:

Hand Weapons
 e - a +0 dagger (weapon)
Armour
 a - a +0 robe (worn)
Potions
 b - a potion of magic
 c - a potion of invisibility {unknown}
 d - a potion of heal wounds {unknown}
 f - 2 potions of resistance {unknown}


   Skills:
 - Level 1.7 Dodging
 + Level 2.0 Stealth
 + Level 2.1 Spellcasting
 + Level 1.3 Conjurations
 + Level 2.8 Fire Magic


You had 4 spell levels left.
You knew the following spells:

 Your Spells              Type           Power      Damage    Failure   Level
a - Foxfire               Conj/Fire      32%        2x1d5     9%          1

Your spell library contained the following spells:

 Spells                   Type           Power      Damage    Failure   Level
 Scorch                   Fire           20%        2d5       10%         2
 Inner Flame              Hex/Fire       6%         N/A       34%         3
 Volatile Blastmotes      Fire/Tloc      12%        2d11      34%         3
 Flame Wave               Conj/Fire      8%         2d5       65%         4


Dungeon Overview and Level Annotations

Branches:
Dungeon (1/15)

Altars:


Innate Abilities, Weirdness & Mutations

You have large cloven feet.


Message History

A ball python and an endoplasm come into view.
The ball python hisses angrily.
A quokka comes into view.
Casting: Foxfire (safe; 9% risk of failure)
Confirm with . or Enter, or press ? or * to list all spells.
You conjure some foxfire!
The endoplasm quivers.
Your foxfire dissipates!
The quokka attacks as you move away! The quokka closely misses you.
An endoplasm comes into view.
The foxfire hits the quokka but does no damage.
The quokka attacks as you move away! The quokka bites you.
The quokka attacks as you move away! The quokka barely misses you.
Casting: Foxfire (safe; 9% risk of failure)
Confirm with . or Enter, or press ? or * to list all spells.
You conjure some foxfire!
The quokka twitches its whiskers.
The quokka misses you.
The foxfire hits the quokka but does no damage.
The foxfire hits the quokka.
The quokka is lightly wounded.
The quokka bites you.
Casting: Foxfire (safe; 9% risk of failure)
Confirm with . or Enter, or press ? or * to list all spells.
You conjure some foxfire!
The endoplasm hits you. The quokka bites you.
Your foxfire dissipates!
The foxfire hits the endoplasm.
The endoplasm is severely wounded.
The endoplasm freezes you.
You are frozen.
The quokka bites you.
* * * LOW HITPOINT WARNING * * *
The ball python bites you.
* * * LOW HITPOINT WARNING * * *
The ball python barely misses you. The quokka barely misses you.
Found 19 gold pieces.
The quokka attacks as you move away! The quokka barely misses you.
Found a stone staircase leading down.
The endoplasm attacks as you move away! The endoplasm hits you.
You die...

..## ....## # ..>..
#. ...$ #####.##...
.......#.#
##.#.#.#.#
.#......@.#
.......J###
.......r.S#####
........#.J...#
.....#..#.....#
..#..#........#
.......##.....#
#.##.##
#.....###.##.# #.
#......###.........


You could see an endoplasm and a quokka.

Vanquished Creatures
  An endoplasm (D:1)
  3 goblins (D:1)
  A hobgoblin (D:1)
  A kobold (D:1)
  2 rats (D:1)
8 creatures vanquished.

Vanquished Creatures (others)
  19 foxfires (D:1)
19 creatures vanquished.

Grand Total: 27 creatures vanquished

Notes
Turn   | Place    | Note
-------+----------+-------------------------------------------
     0 | D:1      | Lusmu the Demonspawn Fire Elementalist began the quest for
                  | the Orb.
     0 | D:1      | Reached XP level 1. HP: 13/13 MP: 3/3
   352 | D:1      | Gained mutation: You have large cloven feet. [demonic
                  | ancestry]
   352 | D:1      | Reached XP level 2. HP: 19/19 MP: 1/5
   446 | D:1      | Slain by an endoplasm

Illustrated notes

Levels and vault maps discovered:
D:1:      tarquinn_simple_flora_water_e, layout_loops_cross

Skill      XL: |  1 |
---------------+----+-----
Stealth        | 2 |  2.0
Dodging        | |  1.7
Spellcasting   | |  2.1
Conjurations   | |  1.3
Fire Magic     | |  2.8

Action                     || total
---------------------------++-------
  Melee: Dagger            ||    10
   Cast: Foxfire           ||    11
   Stab: Sleeping          ||     1
  Dodge: Dodged            ||    11

Table legend: (Time is in decaauts)
 A = Elapsed time spent in this place.
 B = Non-inter-level travel time spent in this place.
 C = Inter-level travel time spent in this place.
 D = Time resting spent in this place.
 E = Time spent auto-exploring this place.
 F = Levels seen in this place.
 G = Mean time per level.
                   A        B        C        D        E       F      G
               +--------+--------+--------+--------+--------+-----+--------+
         Total |    445 |    445 |      0 |    100 |    208 |   1 |  445.0 |
       Dungeon |    445 |    445 |      0 |    100 |    208 |   1 |  445.0 |
               +--------+--------+--------+--------+--------+-----+--------+

Top non-repeatable levels by time:
     D:1: 445 daAuts
